 Dungeon Crawl Stone Soup version 0.27-a0-1500-g450c7e4133 (webtiles) character file.

Game seed: 14812604496674111534

387 apoch the Cleaver (level 6, -2/51 HPs)
             Began as a Hill Orc Fighter on July 7, 2021.
             Was an Initiate of Cheibriados.
             Slain by a wyvern (5 damage)
             ... on level 5 of the Dungeon.
             The game lasted 00:07:18 (3894 turns).

apoch the Cleaver (Hill Orc Fighter)                Turns: 3894, Time: 00:07:19

Health: -2/51      AC:  8    Str: 22    XL:     6   Next: 78%
Magic:  6/6        EV:  5    Int:  9    God:    Cheibriados [......]
Gold:   178        SH:  9    Dex: 11    Spells: 5/5 levels left

rFire    . . .     SeeInvis .   a - +0 war axe
rCold    + . .     Faith    .   c - +0 kite shield
rNeg     . . .     Spirit   .   n - +0 chain mail
rPois    .         Reflect  .   (no helmet)
rElec    .         Harm     .   (no cloak)
rCorr    .         Rampage  .   o - +2 pair of gloves
Will     .....                  (no boots)
Stlth    ..........             (no amulet)
HPRegen  0.17/turn              u - ring of protection from cold
MPRegen  0.10/turn              (no ring)

@: corroded, very slow
A: no striking features
a: Renounce Religion, Bend Time


You were on level 5 of the Dungeon.
You worshipped Cheibriados.
Cheibriados was noncommittal.
You visited 2 branches of the dungeon, and saw 6 of its levels.

You collected 178 gold pieces.

Inventory:

Hand Weapons
 a - a +0 war axe (weapon)
 r - a +0 war axe
Missiles
 h - 79 stones (quivered)
 k - 5 javelins
Armour
 c - a +0 kite shield (worn)
 n - a +0 chain mail (worn)
 o - a +2 pair of gloves (worn)
Jewellery
 u - a ring of protection from cold (left hand)
 v - a ring of fire
Scrolls
 b - 2 scrolls of teleportation {unknown}
 d - a scroll of amnesia {unknown}
 f - 6 scrolls of identify {unknown}
 j - 2 scrolls of fog {unknown}
 l - a scroll of holy word {unknown}
 p - a scroll of blinking {unknown}
 t - a scroll of enchant weapon {unknown}
 w - a scroll of fear {unknown}
 x - a scroll of acquirement {unknown}
Potions
 e - 2 potions of curing {unknown}
 g - 3 potions of resistance {unknown}
 i - a potion of brilliance {unknown}
 m - a potion of heal wounds {unknown}
 q - a potion of cancellation {unknown}
 s - a potion of flight {unknown}


   Skills:
 - Level 3.6 Fighting
 + Level 9.2 Axes
 - Level 3.2 Armour
 - Level 3.2 Shields


You had 5 spell levels left.
You didn't know any spells.
Your spell library was empty.

Dungeon Overview and Level Annotations

Branches:
Dungeon (5/15)             Temple (1/1) D:4

Altars:
Ashenzari
Cheibriados
Gozag
Hepliaklqana
Makhleb
Nemelex Xobeh
Okawaru
Ru
Sif Muna
Trog
Uskayaw
Vehumet
Wu Jian


Message History

The wyvern is heavily wounded.
You block the wyvern's attack.
The wyvern bites you but does no damage.
You hit the wyvern but do no damage.
The wyvern is heavily wounded.
You block the wyvern's attack. The wyvern bites you.
You closely miss the wyvern.
The wyvern is heavily wounded.
You block the wyvern's attack.
A gnoll comes into view. It is wielding a +0 spear.
The gnoll shouts!
You hit the wyvern.
The wyvern is severely wounded.
You hear a shout!
You block the wyvern's attack. The wyvern barely misses you.
Your chain mail prevents you from hitting the wyvern.
The wyvern is severely wounded.
The wyvern bites you.
A gnoll comes into view.
It is wielding a +0 spear and carrying a wand of acid (2).
You block the wyvern's attack.
A gnoll comes into view. It is wielding a +0 spear.
The wyvern bites you.
The gnoll shouts!
The gnoll zaps a wand.
The bolt of acid hits you! The acid corrodes you!
You are splashed with acid!
* * * LOW HITPOINT WARNING * * *
The wyvern bites you!
* * * LOW HITPOINT WARNING * * *
The wyvern bites you.
* * * LOW HITPOINT WARNING * * *
The wyvern bites you.
* * * LOW HITPOINT WARNING * * *
You block the wyvern's attack. You block the wyvern's attack.
The wyvern bites you but does no damage.
The wyvern bites you but does no damage.
The wyvern barely misses you.
The wyvern bites you but does no damage.
The wyvern bites you.
You die...

..##....................
........................
.............<..^.......
........##..............
#......................
##............)............
....................#.......
###.............<..##....?...
#..............@....#....>...
#...##.........l.##.........#
.................##...#....##
..#..............g..........#
.
#....#.........gg.......#####
##.........................(.
...............[..........8..
....................##....(..
...........(........##..8


You could see a wyvern and 3 gnolls.

Vanquished Creatures
  Sigmund (D:4)
  An orc priest (D:3)
  A gnoll shaman (D:4)
  Jessica (D:2)
  4 gnolls
  3 adders
  2 worms (D:3)
  2 dart slugs
  4 orcs (D:3)
  4 ball pythons
  4 endoplasms
  4 giant cockroaches
  11 goblins
  5 hobgoblins
  4 jackals (D:1)
  A quokka (D:4)
  2 bats (D:1)
  6 kobolds
  6 rats
66 creatures vanquished.

Vanquished Creatures (others)
  3 fungi (D:1)
  A plant (D:1)
4 creatures vanquished.

Grand Total: 70 creatures vanquished

Notes
Turn   | Place    | Note
-------+----------+-------------------------------------------
     0 | D:1      | apoch the Hill Orc Fighter began the quest for the Orb.
     0 | D:1      | Reached XP level 1. HP: 19/19 MP: 1/1
   113 | D:1      | Reached skill level 3 in Axes
   158 | D:1      | Reached XP level 2. HP: 10/26 MP: 2/2
   161 | D:1      | HP: 1/26 [kobold (2)]
   164 | D:1      | Reached skill level 4 in Axes
   685 | D:1      | Found a faded altar of an unknown god.
   905 | D:1      | Reached XP level 3. HP: 31/31 MP: 3/3
  1238 | D:2      | Reached skill level 5 in Axes
  1443 | D:2      | Noticed Jessica
  1457 | D:2      | Killed Jessica
  1458 | D:2      | Reached XP level 4. HP: 36/39 MP: 4/4
  1607 | D:2      | Found a shimmering blue altar of Sif Muna.
  1768 | D:2      | Reached skill level 6 in Axes
  2187 | D:3      | Reached XP level 5. HP: 38/45 MP: 5/5
  2209 | D:3      | Found a hide-covered altar of Uskayaw.
  2694 | D:3      | Reached skill level 7 in Axes
  2898 | D:4      | Found a staircase to the Ecumenical Temple.
  2899 | D:4      | Noticed Sigmund
  2910 | D:4      | Killed Sigmund
  2911 | D:4      | Reached skill level 8 in Axes
  2911 | D:4      | Reached XP level 6. HP: 32/51 MP: 6/6
  3022 | Temple   | Entered the Ecumenical Temple
  3092 | Temple   | Became a worshipper of Cheibriados the Contemplative
  3478 | D:4      | Identified the +6 short sword of Dismay {flame, rF+}
  3591 | D:5      | Entered Level 5 of the Dungeon
  3677 | D:4      | Reached skill level 9 in Axes
  3757 | D:5      | Noticed an orc warrior
  3873 | D:5      | Noticed a wyvern
  3887 | D:5      | HP: 2/51 [wyvern (1)]
  3894 | D:5      | Slain by a wyvern

Illustrated notes

Levels and vault maps discovered:
D:1:      dpeg_arrival_boxorama, layout_basic,
          shapermc_ecumenical_altar_mp_urbaneastern
D:2:      layout_rooms, basic_altar, uniq_jessica
D:3:      layout_rooms, nicolae_uskayaw_dance_hall, serial_bayou_crossing
D:4:      layout_rooms, minmay_temple_entry_statues_fountains,
          kennysheep_pointless_box, uniq_sigmund
D:5:      layout_cave_pools, old_standard_altar, serial_column_ruins,
          column_ruins_hut, column_ruins_hut_ruined, column_ruins_columns_water,
          column_ruins_grid_4, column_ruins_corridor_corner,
          column_ruins_open_tiny, column_ruins_open_tiny,
          column_ruins_open_medium, column_ruins_open_small,
          nicolae_elemental_shop, uniq_grinder
Temple:   regret_index_temple_mists

Skill      XL: |  1  2  3  4  5  6 |
---------------+-------------------+-----
Axes           | 3 4 5 6 8 9 |  9.2
Fighting       | |  3.6
Armour         | |  3.2
Shields        | |  3.2

Action                   |  1- 3 |  4- 6 || total
-------------------------+-------+-------++-------
Melee: War axe           |    83 |   109 ||   192
Throw: Stone             |    38 |    71 ||   109
  Use: Potion            |       |     1 ||     1
Armor: Scale mail        |    32 |    10 ||    42
       Chain mail        |       |    36 ||    36
Dodge: Dodged            |    31 |    21 ||    52
Block: Kite shield       |    51 |    56 ||   107

Table legend: (Time is in decaauts)
 A = Elapsed time spent in this place.
 B = Non-inter-level travel time spent in this place.
 C = Inter-level travel time spent in this place.
 D = Time resting spent in this place.
 E = Time spent auto-exploring this place.
 F = Levels seen in this place.
 G = Mean time per level.
                   A        B        C        D        E       F      G
               +--------+--------+--------+--------+--------+-----+--------+
         Total |   4197 |   4042 |    155 |    967 |   2352 |   6 |  699.5 |
       Dungeon |   4091 |   3949 |    142 |    967 |   2271 |   5 |  818.2 |
        Temple |    105 |     92 |     13 |      0 |     81 |   1 |  105.0 |
               +--------+--------+--------+--------+--------+-----+--------+

Top non-repeatable levels by time:
     D:1: 1271 daAuts
     D:3: 980 daAuts
     D:4: 935 daAuts
     D:2: 688 daAuts
     D:5: 215 daAuts
  Temple: 105 daAuts
